 Dungeon Crawl Stone Soup version 0.29.1-2-gbd0b4ee654 (webtiles) character file.

Game seed: 7119863414846706556

1827 H0rd4k the Insei (level 9, -1/55 HPs)
             Began as an Octopode Transmuter on Oct 25, 2022.
             Was an Initiate of Gozag.
             Slain by an orc wizard
             ... wielding a +0 dagger
              (3 damage)
             ... on level 6 of the Dungeon.
             The game lasted 00:06:32 (8115 turns).

H0rd4k the Insei (Octopode Transmuter)              Turns: 8115, Time: 00:06:33

Health: -1/55      AC:  2    Str: 10    XL:     9   Next: 11%
Magic:  16/16      EV: 21    Int: 25    God:    Gozag
Gold:   849        SH:  0    Dex: 17    Spells: 14/18 levels left

rFire   . . .      SeeInvis .     - Unarmed
rCold   . . .      Faith    .   (shield currently unavailable)
rNeg    . . .      Spirit   .   (helmet currently unavailable)
rPois   x          Reflect  .   (no amulet)
rElec   .          Harm     .   d - +6 ring of intelligence
rCorr   .          Rampage  .   (no ring)
Will    .....                   (no ring)
Stlth   ++........              (no ring)
HPRegen 0.18/turn               (no ring)
MPRegen 0.15/turn               (no ring)
                                (no ring)
                                (no ring)

@: spider-form
A: venomous fangs, almost no armour, (amphibious), 8 rings, tiny, (camouflage
1), (gelatinous body 1), (nimble swimmer 1), (tentacles)
a: End Transformation, Renounce Religion, Potion Petition, Call Merchant, Bribe
Branch


You were on level 6 of the Dungeon.
You worshipped Gozag.
Gozag was pleased with you.
You were a venomous arachnid creature.
You visited 1 branch of the dungeon, and saw 6 of its levels.

You collected 901 gold pieces.
You paid 52 gold pieces to Gozag.

Inventory:

Missiles
 c - 10 poisoned darts
Jewellery
 d - a +6 ring of intelligence (left front leg)
Wands
 i - a wand of iceblast (7)
 m - a wand of charming (6)
Scrolls
 e - 2 scrolls of magic mapping {unknown}
 f - 4 scrolls of teleportation {unknown}
 j - a scroll of silence {unknown}
 n - a scroll of fear {unknown}
 o - 2 scrolls of identify {unknown}
 p - a scroll of amnesia {unknown}
 q - 2 scrolls of noise {unknown}
 r - a scroll of poison {unknown}
 t - 2 scrolls of immolation {unknown}
Potions
 a - 4 potions of lignification
 b - a potion of heal wounds
 g - a potion of mutation {unknown}
 h - 2 potions of brilliance {unknown}
 k - 2 potions of attraction {unknown}
 l - 2 potions of curing {unknown}
 s - 2 potions of might {unknown}


   Skills:
 + Level 2.6 Fighting
 + Level 4.2 Dodging
 + Level 7.7 Unarmed Combat
 * Level 5.3 Spellcasting
 * Level 5.2 Transmutations
 + Level 2.4 Poison Magic
 + Level 0.3 Evocations


You had 14 spell levels left.
You knew the following spells:

 Your Spells              Type           Power      Damage    Failure   Level
a - Beastly Appendage     Tmut           64%        N/A       4%          1
b - Spider Form           Tmut/Pois      25%        N/A       14%         3

Your spell library contained the following spells:

 Spells                   Type           Power      Damage    Failure   Level
 Wereblood                Tmut           32%        N/A       6%          2
 Apportation              Tloc           12%        N/A       22%         1
 Necrotise                Necr           24%        1d5       22%         1
 Summon Small Mammal      Summ           24%        N/A       22%         1
 Ignite Poison            Fire/Tmut/Pois 19%        N/A       22%         3
 Mephitic Cloud           Conj/Pois/Air  10%        N/A       36%         3
 Ice Form                 Ice/Tmut       19%        N/A       47%         4
 Freezing Cloud           Conj/Ice/Air   3%         6-21      98%         5


Dungeon Overview and Level Annotations

Branches:
Dungeon (6/15)             Temple (0/1) D:5

Altars:
Dithmenos
Elyvilon
Gozag
Hepliaklqana
Kikubaaqudgha
Nemelex Xobeh
Okawaru
Qazlal
Sif Muna
The Shining One

Annotations:
D:3 exclusion: downstairs
D:4 exclusion: downstairs
D:6 exclusion: steam dragon, Edmund, Eustachio


Innate Abilities, Weirdness & Mutations

You are a venomous arachnid creature.
You have poisonous fangs.
You are tiny and dextrous.
Your spellcasting is less reliable in this form.
Your armour is entirely melded.
You are incapable of wielding weapons or throwing items.
You cannot wear most types of armour.
((You are amphibious.))
You can wear up to eight rings at the same time.
((Your skin changes colour to match your surroundings (Stealth+).))
((Your rubbery body absorbs attacks. (AC +1, EV +1)))
((You are camouflaged when in or above water. (Stealth+)))
((You have tentacles for arms and can constrict up to eight enemies at once.))


Message History

You kill the orc warrior!
The orc priest mumbles some strange prayers to Beogh against you.
Beogh smites you! The orc priest closely misses you.
Things that are here:
6 gold pieces; a +0 long sword; a +0 chain mail You bite the orc priest!
The orc priest is heavily wounded.
You hit the orc priest.
The orc priest is poisoned.
The orc priest is almost dead.
The orc priest calls down the wrath of Beogh upon you.
Beogh smites you!
* * * LOW HITPOINT WARNING * * *
You bite the orc priest!
You kill the orc priest!
The orc wizard is distracted by your dazzling golden aura.
You barely miss something. Something closely misses you.
You closely miss something.
The orc wizard is no longer distracted by gold.
The orc wizard mumbles some strange words.
The orc wizard flickers and vanishes!
Something hits you but does no damage.
You hit something. Something hits you.
* * * LOW HITPOINT WARNING * * *
You bite something! Something hits you.
* * * LOW HITPOINT WARNING * * *
You hit something.
Reactivating autopickup.
You feel a bit more experienced. Something barely misses you.
Items here: $ )) [.
Deactivating autopickup; reactivate with Ctrl-A.
You hit something. Something misses you.
You hit something but do no damage.
You hear some strange, mumbled words.
A puff of flame appears from out of thin air!
The puff of flame hits you!
* * * LOW HITPOINT WARNING * * *
You hit something. Something hits you.
You die...
Your body crumbles into a pile of gold.

####### ......#
########
#####.#
##..$s{.# ###
#.# #.(####.#
.^###.######.##
#
..............#
#.......#######
###......#
........##
###.##.##
....##.#


There were no monsters in sight!

Vanquished Creatures
  Grinder (D:3)
  A water moccasin (D:6)
  An orc warrior (D:6)
  A black bear (D:4)
  An ogre (D:5)
  A necrophage (D:6)
  5 scorpions
  A howler monkey (D:5)
  2 hounds
  4 gnoll boudas
  3 jellies (D:5)
  An orc priest (D:6)
  4 iguanas
  3 orc wizards (D:6)
  15 adders
  18 gnolls
  An ufetubus (D:6)
  2 worms
  2 dart slugs
  2 orcs (D:6)
  6 endoplasms
  4 giant cockroaches
  6 goblins
  4 hobgoblins
  5 jackals
  12 ball pythons
  5 bats
  5 frilled lizards
  8 kobolds
  6 rats
130 creatures vanquished.

Vanquished Creatures (others)
  9 fungi (D:6)
  4 plants
13 creatures vanquished.

Grand Total: 143 creatures vanquished

Notes
Turn   | Place    | Note
-------+----------+-------------------------------------------
     0 | D:1      | H0rd4k the Octopode Transmuter began the quest for the Orb.
     0 | D:1      | Reached XP level 1. HP: 13/13 MP: 3/3
   260 | D:1      | Reached XP level 2. HP: 18/18 MP: 5/5
   711 | D:1      | Reached XP level 3. HP: 23/23 MP: 6/6
   986 | D:1      | Learned a level 3 spell: Spider Form
  1406 | D:2      | Reached skill level 4 in Unarmed Combat
  1406 | D:2      | Reached XP level 4. HP: 28/28 MP: 7/7
  1878 | D:2      | Found a faded altar of an unknown god.
  2483 | D:3      | Found an opulent altar of Gozag.
  2500 | D:3      | Found a glowing golden altar of the Shining One.
  2506 | D:3      | Became a worshipper of Gozag Ym Sagoz the Greedy
  2847 | D:3      | Found a stormy altar of Qazlal.
  3110 | D:3      | Found a shadowy altar of Dithmenos.
  3111 | D:3      | Noticed a shadow
  3115 | D:3      | Found a hazy altar of Hepliaklqana.
  3360 | D:3      | Noticed Grinder
  3360 | D:3      | Paralysed by Grinder for 3 turns
  3367 | D:3      | Killed Grinder
  3368 | D:3      | Reached skill level 5 in Unarmed Combat
  3368 | D:3      | Reached XP level 5. HP: 27/33 MP: 7/9
  3368 | D:3      | Reached XP level 6. HP: 31/38 MP: 7/10
  3766 | D:4      | Found a sparkling altar of Nemelex Xobeh.
  4187 | D:4      | Reached XP level 7. HP: 38/44 MP: 11/11
  4474 | D:4      | Reached skill level 6 in Unarmed Combat
  4642 | D:4      | Found a shimmering blue altar of Sif Muna.
  5116 | D:4      | Reached skill level 1 in Poison Magic
  5568 | D:5      | Entered Level 5 of the Dungeon
  5655 | D:5      | Reached XP level 8. HP: 47/50 MP: 9/13
  5790 | D:5      | Found an iron altar of Okawaru.
  6365 | D:5      | Found a staircase to the Ecumenical Temple.
  7020 | D:5      | Reached skill level 7 in Unarmed Combat
  7423 | D:6      | Noticed Edmund
  7773 | D:6      | Reached skill level 5 in Spellcasting
  7787 | D:6      | Reached skill level 5 in Transmutations
  7885 | D:6      | Noticed Eustachio
  8051 | D:6      | Found an ancient bone altar of Kikubaaqudgha.
  8051 | D:6      | Found a white marble altar of Elyvilon.
  8057 | D:6      | Reached XP level 9. HP: 55/55 MP: 14/16
  8114 | D:6      | HP: 2/55 [something/puff of flame (11)]
  8115 | D:6      | Slain by an orc wizard

Illustrated notes

Levels and vault maps discovered:
D:1:      wander_arrival_estate, layout_loops_ring, chequers_big_river
D:2:      layout_basic, shapermc_ecumenical_altar_venn, reono_crystal_passage,
          minmay_split_cup_small
D:3:      layout_basic, riverfiend_overflow_shadow_ancestor,
          mainiacjoe_overflow_boulevard, grunt_gozag_breadcrumbs,
          mainiacjoe_overflow_surrounded_room, minmay_shallow_snake_nest,
          uniq_grinder
D:4:      layout_basic, old_standard_altar, general_overflow_altar
D:5:      layout_loops_ring, okawaru_gym_becter, temple_pool_b,
          serial_co_window_serial, co_window_corner_a, co_window_paths_a,
          co_window_of_opportunity_a, co_window_paths_a, co_window_paths_a,
          co_window_corner_b, co_window_cross_2, co_window_corner_b,
          co_window_cross_2, co_window_broadway_c, co_window_paths_e,
          glass_columns_a, glass_columns_c, glass_columns_c, glass_columns_a,
          minivault_23, minmay_misc_feat_five, kennysheep_generic_room_12
D:6:      layout_loops_corners, gammafunk_temple_overflow_pools,
          serial_aquarium, aquarium_bridge_island_small
          [aquarium_subvault_small_open, aquarium_subvault_window,
          aquarium_subvault_bridge, aquarium_subvault_wall,
          aquarium_subvault_bridge], aquarium_window_2,
          aquarium_window_corridor_1, aquarium_window_fake, aquarium_window_1,
          aquarium_view_2c, minmay_fire_ice_demons, uniq_edmund,
          uniq_blork_the_orc, uniq_eustachio

Skill      XL: |  1  2  3  4  5  6  7  8 |
---------------+-------------------------+-----
Unarmed Combat | 4 5 6 7 |  7.7
Spellcasting   | 3 5 |  5.3
Transmutations | 3 5 |  5.2
Dodging        | 3 4 |  4.2
Fighting       | 2 |  2.6
Poison Magic   | 1 2 |  2.4
Evocations     | |  0.3

Action                   |  1- 3 |  4- 6 |  7- 9 || total
-------------------------+-------+-------+-------++-------
Melee: Unarmed           |    70 |   102 |   182 ||   354
       Constrict         |    18 |    25 |     7 ||    50
       Tentacles         |     8 |    19 |     6 ||    33
       Punch             |     2 |     4 |       ||     6
       Kick              |       |    12 |     2 ||    14
 Cast: Beastly Appendage |       |     5 |     1 ||     6
       Spider Form       |       |       |    24 ||    24
Evoke: Wand              |       |     2 |       ||     2
  Use: Potion            |       |     1 |       ||     1
 Stab: Sleeping          |     8 |     4 |     2 ||    14
Armor: Skin              |     5 |     7 |     7 ||    19
Dodge: Dodged            |    23 |    52 |   159 ||   234
